 Dungeon Crawl Stone Soup version 0.28-a0-697-g47f3eba078 (webtiles) character file.

Game seed: 12272117640391648786

28 lorenzova the Conjurer (level 2, -3/15 HPs)
             Began as a Deep Elf Conjurer on Oct 23, 2021.
             Slain by Sigmund (7 damage)
             ... on level 2 of the Dungeon.
             The game lasted 00:01:58 (972 turns).

lorenzova the Conjurer (Deep Elf Conjurer)           Turns: 972, Time: 00:01:58

Health: -3/15      AC:  2    Str:  4    XL:     2   Next: 96%
Magic:  4/9        EV: 12    Int: 22    God:
Gold:   63         SH:  0    Dex: 13    Spells: 6/9 levels left

rFire   . . .      SeeInvis .   (no weapon)
rCold   . . .      Faith    .   (no shield)
rNeg    . . .      Spirit   .   a - +0 robe
rPois   +          Reflect  .   (no helmet)
rElec   .          Harm     .   (no cloak)
rCorr   .          Rampage  .   (no gloves)
Will    .....                   (no boots)
Stlth   ++........              (no amulet)
HPRegen 0.05/turn               c - ring of poison resistance
MPRegen 0.11/turn               (no ring)

@: no status effects
A: no striking features
a: no special abilities


You were on level 2 of the Dungeon.
You visited 1 branch of the dungeon, and saw 2 of its levels.

You collected 63 gold pieces.

Inventory:

Missiles
 d - a throwing net
Armour
 a - a +0 robe (worn)
Jewellery
 b - a ring of fire
 c - a ring of poison resistance (left hand)
Scrolls
 f - a scroll of fear {unknown}
 h - a scroll of identify {unknown}
Potions
 e - a potion of berserk rage {unknown}
 g - a potion of brilliance {unknown}


   Skills:
 - Level 2.4 Dodging
 - Level 2.4 Stealth
 + Level 4.0 Spellcasting
 + Level 5.0 Conjurations


You had 6 spell levels left.
You knew the following spells:

 Your Spells              Type           Power      Damage    Failure   Level
a - Magic Dart            Conj           100%       1d8       1%          1
b - Searing Ray           Conj           52%        2d6       2%          2

Your spell library contained the following spells:

 Spells                   Type           Power      Damage    Failure   Level
 Dazzling Flash           Conj/Hex       30%        N/A       12%         3
 Fulminant Prism          Conj/Hex       7%         3d7       36%         4
 Iskenderun's Mystic Bla  Conj/Tloc      15%        2d5       36%         4


Dungeon Overview and Level Annotations

Branches:
Dungeon (2/15)

Altars:

Shops:
D:2 (

Annotations:
D:2 Sigmund


Message History

Sigmund the Dreaded comes into view.
He is wielding a +0 scythe.
Found a stone staircase leading up.
Sigmund is nearby!
Sigmund is nearby!
Casting: Magic Dart (safe; 1% risk of failure)
Confirm with . or Enter, or press ? or * to list all spells.
Aiming: Magic Dart (safe; 1% risk of failure)
Press: ? - help, Shift-Dir - straight line, f - Sigmund
Aim: Sigmund, wielding a +0 scythe and wearing a +0 robe (asleep, 100% to hit)
The magic dart hits Sigmund but does no damage.
Sigmund shouts!
Sigmund points at you and mumbles some strange words.
The magic dart hits you.
You start resting.
Magic restored.
Casting: Magic Dart (safe; 1% risk of failure)
Confirm with . or Enter, or press ? or * to list all spells.
You don't know that spell.
You start resting.
Sigmund is nearby!
Casting: Magic Dart (safe; 1% risk of failure)
Confirm with . or Enter, or press ? or * to list all spells.
Aiming: Searing Ray (safe; 2% risk of failure)
Press: ? - help, Shift-Dir - straight line, f/p - Sigmund
Aim: Sigmund, wielding a +0 scythe and wearing a +0 robe (77% to hit)
The searing ray hits Sigmund!
Sigmund is moderately wounded. (Press . to maintain the ray.)
An adder comes into view.
The searing ray hits Sigmund.
Sigmund is severely wounded.
Sigmund hits you from afar with a +0 scythe.
* * * LOW HITPOINT WARNING * * *
The searing ray hits Sigmund.
Sigmund is severely wounded.
The searing ray hits Sigmund.
Sigmund is almost dead.
You finish channelling your searing ray.
Sigmund hits you from afar with a +0 scythe!
You die...

........... #...@.....##.#
#.#........#.#
####.#..........##
..................
......#.####....#
..S.....####.#..#
....#.#@##....#..
.........@....#.######
....#.#..#....#.......
........##....#.....######
>.###.....................
#. ..###..................
##.#...#####...........#
#.#.### #...........# ...
#............ ...
##...........


You could see Sigmund and an adder (wandering).

Vanquished Creatures
  A worm (D:2)
  4 endoplasms
  3 goblins (D:1)
  3 hobgoblins (D:1)
  3 quokkas (D:1)
  2 ball pythons
  3 bats (D:1)
  2 frilled lizards (D:1)
21 creatures vanquished.

Notes
Turn   | Place    | Note
-------+----------+-------------------------------------------
     0 | D:1      | lorenzova the Deep Elf Conjurer began the quest for the
                  | Orb.
     0 | D:1      | Reached XP level 1. HP: 10/10 MP: 6/6
   185 | D:1      | Found a faded altar of an unknown god.
   201 | D:1      | Reached XP level 2. HP: 15/15 MP: 3/8
   265 | D:1      | Learned a level 2 spell: Searing Ray
   792 | D:2      | Found Xomeycku's Weapon Emporium.
   884 | D:2      | Reached skill level 5 in Conjurations
   956 | D:2      | Noticed Sigmund
   972 | D:2      | Slain by Sigmund

Illustrated notes

Levels and vault maps discovered:
D:1:      heliophobic_arrival_battle_scene, layout_rooms,
          ebering_ecumenical_altar_petrified, chequers_serial_rivers_micro_a,
          minivault_4
D:2:      layout_rooms, serial_co_window_serial, co_window_of_opportunity_a,
          co_window_paths_a, co_window_corner_a, co_window_paths_a,
          co_window_corner_a, co_window_corner_b, co_window_of_opportunity_c,
          co_window_corner_cb, co_window_paths_c, co_window_cross_3,
          co_window_2corner, co_window_2corner, co_window_4corner_a,
          glass_columns_a, glass_columns_a, glass_columns_b, glass_columns_a,
          serial_shops, nicolae_shop_trees, shop, shop, shop, uniq_terence,
          uniq_sigmund, uniq_jessica

Skill      XL: |  1  2 |
---------------+-------+-----
Spellcasting   | 4 |  4.0
Conjurations   | 5 |  5.0
Dodging        | |  2.4
Stealth        | |  2.4

Action                   || total
-------------------------++-------
 Cast: Magic Dart        ||    45
       Searing Ray       ||     1
Dodge: Dodged            ||     1

Table legend: (Time is in decaauts)
 A = Elapsed time spent in this place.
 B = Non-inter-level travel time spent in this place.
 C = Inter-level travel time spent in this place.
 D = Time resting spent in this place.
 E = Time spent auto-exploring this place.
 F = Levels seen in this place.
 G = Mean time per level.
                   A        B        C        D        E       F      G
               +--------+--------+--------+--------+--------+-----+--------+
         Total |    972 |    943 |     29 |    368 |    466 |   2 |  486.0 |
       Dungeon |    972 |    943 |     29 |    368 |    466 |   2 |  486.0 |
               +--------+--------+--------+--------+--------+-----+--------+

Top non-repeatable levels by time:
     D:1: 785 daAuts
     D:2: 186 daAuts
